 Dungeon Crawl Stone Soup version 0.29.1-15-g9cfb28693d (webtiles) character file.

Game seed: 14867290054120897581

1675 KittyFluff the Basher (level 9, -4/82 HPs)
             Began as a Gargoyle Berserker on Apr 18, 2023.
             Was a Priest of Trog.
             Slain by a killer bee (5 damage)
             ... on level 7 of the Dungeon.
             The game lasted 00:27:57 (6150 turns).

KittyFluff the Basher (Gargoyle Berserker)          Turns: 6150, Time: 00:27:58

Health: -4/82      AC: 20    Str: 22    XL:     9   Next: 1%
Magic:  9/9        EV: 12    Int:  9    God:    Trog [***...]
Gold:   258        SH:  5    Dex: 11    Spells: 8/8 levels left

rFire   . . .      SeeInvis .   k - +3 hammer
rCold   . . .      Faith    .   (no shield)
rNeg    + . .      Spirit   .   g - +0 leather armour
rPois   ∞          Reflect  +   q - +1 hat
rElec   +          Harm     .   m - +0 cloak
rCorr   .          Rampage  .   f - +0 pair of gloves
Will    .....                   z - +2 pair of boots
Stlth   ..........              D - amulet of reflection
HPRegen 0.23/turn               b - ring of flight
MPRegen 0.11/turn               E - +4 ring of protection

@: berserking, flying, very quick
A: sickness immunity, AC +6, negative energy resistance 1, electricity
resistance, torment resistance 1, petrification resistance
a: Renounce Religion, Berserk, Trog's Hand


You were on level 7 of the Dungeon.
You worshipped Trog.
Trog was most pleased with you.
You visited 1 branch of the dungeon, and saw 7 of its levels.
You also visited: Sewer.

You collected 258 gold pieces.

Inventory:

Hand Weapons
 a - a +0 mace
 i - a +0 sling
 k - a +3 hammer (weapon)
 y - a +0 shortbow
Missiles
 j - 10 boomerangs (quivered)
 p - 2 javelins
 t - 2 atropa-tipped darts
Armour
 f - a +0 pair of gloves (worn)
 g - a +0 leather armour (worn)
 m - a +0 cloak (worn)
 q - a +1 hat (worn)
 x - a scarf of invisibility
 z - a +2 pair of boots (worn)
 I - the +2 scale mail "Dauruarara" {rN++ Str+8 Dex-4}
   (You found it on level 6 of the Dungeon)

   Str:       It affects your strength (+8).
   Dex:       It affects your dexterity (-4).
   rN:        It greatly protects you from negative energy.
Jewellery
 b - a ring of flight (left hand)
 D - an amulet of reflection (around neck)
 E - a +4 ring of protection (right hand)
 G - a +6 ring of intelligence
Wands
 l - a wand of roots (7)
Scrolls
 c - 3 scrolls of teleportation {unknown}
 h - a scroll of enchant armour {unknown}
 o - a scroll of immolation
 u - 2 scrolls of vulnerability {unknown}
 H - a scroll of torment
Potions
 d - 2 potions of berserk rage {unknown}
 e - 5 potions of heal wounds
 n - 3 potions of degeneration {unknown}
 r - a potion of haste {unknown}
 s - a potion of invisibility {unknown}
 v - a potion of flight {unknown}
 w - 4 potions of curing {unknown}
 A - a potion of lignification {unknown}
 B - a potion of resistance {unknown}
 C - a potion of cancellation {unknown}
 F - 2 potions of might {unknown}


   Skills:
 + Level 5.9 Fighting
 + Level 8.4 Maces & Flails
 + Level 0.1 Throwing
 + Level 4.3 Armour
 + Level 3.9 Dodging
 + Level 3.3 Stealth
 + Level 0.3 Shields


You had 8 spell levels left.
You didn't know any spells.
Your spell library was empty.

Dungeon Overview and Level Annotations

Branches:
Dungeon (7/15)              Sewer (visited)
 Temple: D:4-7

Altars:
Ashenzari
Zin
The Shining One

Shops:
D:2 *   D:7 ?

Annotations:
D:6 2 transporters, safid's ghost, novice MfIE


Innate Abilities, Weirdness & Mutations

You are immune to sickness and miasma.
Your stone body is resilient. (AC +6)
You are immune to poison.
You resist negative energy. (rN+)
You are resistant to electric shocks. (rElec)
You are resistant to unholy torment.
You are immune to petrification.


Message History

You have reached level 9!
Your experience leads to an increase in your attributes!
Increase (S)trength, (I)ntelligence, or (D)exterity?
You feel stronger. x2
You sock the orc priest!
The orc priest is almost dead.
A killer bee comes into view.
The killer bee stings you but does no damage. x2
You block the orc priest's attack.
The orc wizard hits you but does no damage.
You closely miss the orc priest.
The orc priest is almost dead.
The killer bee misses you. The killer bee barely misses you.
You sock the orc priest!
You kill the orc priest!
Trog accepts your kill.
The killer bee stings you but does no damage.
The killer bee stings you.
* * * LOW HITPOINT WARNING * * *
The orc wizard hits you but does no damage.
The killer bee stings you but does no damage.
The killer bee closely misses you.
You miss the killer bee.
The killer bee stings you but does no damage. x2
The orc wizard closely misses you.
You miss the killer bee. The killer bee completely misses you.
You block the killer bee's attack.
You closely miss the killer bee.
The killer bee stings you but does no damage.
The killer bee stings you.
* * * LOW HITPOINT WARNING * * *
The orc wizard hits you but does no damage.
You miss the killer bee.
The killer bee stings you but does no damage.
The killer bee closely misses you.
The killer bee stings you but does no damage.
You block the killer bee's attack.
The orc wizard hits you but does no damage.
You miss the killer bee. The killer bee stings you.
You die...

##......... ..
#.#####.... .o.
#.#...#.#.. ..#
##.#.>.#.##.
..######..#...#.##.
#..##....#.∩.#.##.
##.......#...#.##.
####yo...##.#####.###
#...@y...........# #
##...).............##
###....#######......
###..# ######. #.## .
..# #.## ..


You could see 2 killer bees and an orc wizard.

Vanquished Creatures
  Grinder (D:3)
  A steam dragon (D:7)
  Menkaure (D:5)
  A sky beast (D:6)
  A centaur (D:4)
  4 phantoms
  A bullfrog (D:6)
  2 scorpions (D:5)
  A jelly (D:4)
  Crazy Yiuf (D:2)
  A hound (D:4)
  2 orc priests (D:7)
  Terence (D:3)
  A hell rat (Sewer)
  5 iguanas
  An orc wizard (D:5)
  4 adders
  7 gnolls
  2 river rats (Sewer)
  A white imp (D:5)
  2 worms
  2 dart slugs
  6 orcs
  8 endoplasms
  3 giant cockroaches
  5 goblins
  10 hobgoblins
  7 jackals (D:1)
  3 kobolds
  3 quokkas
  2 ball pythons
  2 bats (D:1)
  9 rats
101 creatures vanquished.

Vanquished Creatures (others)
  2 fungi (D:2)
  A plant (D:2)
3 creatures vanquished.

Grand Total: 104 creatures vanquished

Notes
Turn   | Place    | Note
-------+----------+-------------------------------------------
     0 | D:1      | KittyFluff the Gargoyle Berserker began the quest for the
                  | Orb.
     0 | D:1      | Reached XP level 1. HP: 14/14 MP: 1/1
   230 | D:1      | Reached XP level 2. HP: 3/19 MP: 2/2
   898 | D:1      | Reached XP level 3. HP: 24/24 MP: 3/3
  1010 | D:1      | Reached ** piety under Trog
  1167 | D:2      | Found a runed translucent door.
  1168 | D:2      | Noticed Crazy Yiuf
  1179 | D:2      | Killed Crazy Yiuf
  1180 | D:2      | Reached XP level 4. HP: 9/29 MP: 4/4
  1506 | D:2      | Found Vuohirut's General Store.
  1577 | D:2      | Found a faded altar of an unknown god.
  1757 | D:2      | Reached skill level 4 in Maces & Flails
  1928 | D:3      | Noticed Grinder
  1929 | D:3      | Noticed Terence
  1967 | D:3      | Killed Terence
  1968 | D:3      | Reached skill level 1 in Stealth
  1968 | D:3      | Reached XP level 5. HP: 30/33 MP: 5/5
  1983 | D:3      | Paralysed by Grinder for 5 turns
  1990 | D:3      | Killed Grinder
  1991 | D:3      | Reached skill level 5 in Maces & Flails
  1991 | D:3      | Reached XP level 6. HP: 3/39 MP: 6/6
  2421 | D:3      | Found a broken altar of Ashenzari.
  2640 | D:3      | Found a glowing silver altar of Zin.
  2941 | D:4      | Reached XP level 7. HP: 44/44 MP: 7/7
  3387 | D:4      | Reached skill level 6 in Maces & Flails
  3535 | D:4      | Found a glowing golden altar of the Shining One.
  4046 | D:5      | Entered Level 5 of the Dungeon
  4172 | D:5      | Noticed Menkaure
  4183 | D:5      | Killed Menkaure
  4434 | D:5      | Reached skill level 5 in Fighting
  4434 | D:5      | Reached XP level 8. HP: 49/49 MP: 8/8
  4451 | D:5      | Reached skill level 7 in Maces & Flails
  5050 | D:6      | Found a transporter.
  5050 | D:6      | Noticed safid's ghost (novice MfIE)
  5099 | D:6      | Noticed a yak
  5217 | D:6      | Found a glowing drain.
  5236 | Sewer    | Entered a sewer
  5431 | Sewer    | Reached *** piety under Trog
  5658 | D:6      | Identified the +2 scale mail "Dauruarara" {rN++ Str+8
                  | Dex-4}
  5786 | D:6      | Found a transporter.
  5864 | D:6      | Reached skill level 8 in Maces & Flails
  6101 | D:7      | Found Ucyfruip's Magic Scroll Boutique.
  6143 | D:7      | Reached XP level 9. HP: 8/55 MP: 9/9
  6148 | D:7      | HP: 1/82 [killer bee (6)]
  6150 | D:7      | Slain by a killer bee

Illustrated notes

Levels and vault maps discovered:
D:1:      psy_arrival_dodecagon, layout_loops_ring
D:2:      layout_rooms, serial_shops, shop_statue,
          dreamdust_ecumenical_altar_hidden_monk_grotto, uniq_crazy_yiuf_cottage
D:3:      layout_loops_ring, mainiacjoe_overflow_concentric_impassable,
          evilmike_ruin_ashenzari, uniq_grinder, uniq_terence
D:4:      layout_basic, mainiacjoe_overflow_surrounded_room,
          minmay_misc_feat_hallway
D:5:      nicolae_BIG_FREAKIN_CUBE, layout_loops_corners, uniq_menkaure
D:6:      layout_gridville, portal_sewer_entry_b, gammafunk_ghost_arena
D:7:      layout_cave_pods, tgw_kikubaaqudgha, temple_green, minivault_1,
          chequers_serial_rivers_small_a, nicolae_take_the_stairs,
          uniq_prince_ribbit1

Skill      XL: |  1  2  3  4  5  6  7  8 |
---------------+-------------------------+-----
Fighting       | 4 5 |  5.9
Dodging        | 2 3 |  3.9
Maces & Flails | 4 5 6 8 |  8.4
Stealth        | 1 2 3 |  3.3
Armour         | 3 4 |  4.3
Throwing       | |  0.1
Shields        | |  0.3

Action                   |  1- 3 |  4- 6 |  7- 9 || total
-------------------------+-------+-------+-------++-------
Melee: Mace              |    76 |    89 |   256 ||   421
       Punch             |     1 |     1 |     5 ||     7
Throw: Boomerang         |       |     1 |       ||     1
Invok: Berserk           |     1 |       |     1 ||     2
  Use: Scroll            |       |       |     6 ||     6
 Stab: Sleeping          |     2 |     2 |       ||     4
Armor: Animal skin       |     4 |       |       ||     4
       Leather armour    |    22 |    35 |   130 ||   187
Dodge: Dodged            |    44 |    40 |   149 ||   233
Block: Other             |       |       |     9 ||     9
